SL
ROCKY MOUNTAIN NUGGETS @ D.C. DIVIDED
05/21/2029
 
TOP OF THE 1ST
Rocky Mountain Nuggets batting - Pitching for D.C. Divided : RHP Manuel Delgadillo
Pitching: RHP Manuel Delgadillo
Batting: RHB Luis Ríos 0-0: Foul Ball, location: 2F
0-1: Ground out 5-3 (Groundball, 56)
Batting: LHB Roberto Salazar 0-0: Called Strike
0-1: Called Strike
0-2: Ball
1-2: Ball
2-2: Strikes out looking
Batting: RHB Iván Vega 0-0: Ball
1-0: Foul Ball, location: 2F
1-1: Called Strike
1-2: Strikes out looking
Top of the 1st over - 0 runs, 0 hits, 0 errors, 0 left on base; Rocky Mountain 0 - D.C. 0
BOTTOM OF THE 1ST
D.C. Divided batting - Pitching for Rocky Mountain Nuggets : LHP Rafael Rivera
Pitching: LHP Rafael Rivera
Batting: RHB Arturo Rodríguez 0-0: SINGLE (Groundball, 6MD)
Batting: RHB Tony Romero Pickoff Throw to First - Out!
0-0: Foul Ball, location: 2F
0-1: Ball
1-1: Ground out 6-3 (Groundball, 6)
Batting: RHB Wilbur Davis 0-0: Ball
1-0: Ball
2-0: Ball
3-0: Fly out, F6 (Popup, 6MD)
Bottom of the 1st over - 0 runs, 1 hit, 0 errors, 0 left on base; Rocky Mountain 0 - D.C. 0
TOP OF THE 2ND
Rocky Mountain Nuggets batting - Pitching for D.C. Divided : RHP Manuel Delgadillo
Batting: LHB Javier Sánchez 0-0: Foul Ball, location: 2F
0-1: Fly out, F5 (Line Drive, 56)
Batting: RHB Ludwig Kluge 0-0: Swinging Strike
0-1: Ball
1-1: Called Strike
1-2: Foul Ball, location: 2F
1-2: Ball
2-2: Strikes out swinging, 2-3 out at first.
Batting: RHB Andrés Rodríguez 0-0: Ball
1-0: Ball
2-0: DOUBLE (Line Drive, 3D)
Batting: RHB Travis Newsome 0-0: Ball
1-0: Called Strike
1-1: Ground out 6-3 (Groundball, 6)
Top of the 2nd over - 0 runs, 1 hit, 0 errors, 1 left on base; Rocky Mountain 0 - D.C. 0
BOTTOM OF THE 2ND
D.C. Divided batting - Pitching for Rocky Mountain Nuggets : LHP Rafael Rivera
Batting: RHB Wilfred McLaughlin 0-0: Fly out, F9 (Flyball, 9D)
Batting: LHB Obidiah Lewis 0-0: Ball
1-0: Called Strike
1-1: Called Strike
1-2: Ball
2-2: Foul Ball, location: 2F
2-2: Strikes out swinging
Batting: RHB Roberto Maestas 0-0: Called Strike
0-1: Foul Ball, location: 2F
0-2: Foul Ball, location: 2F
0-2: Strikes out looking
Bottom of the 2nd over - 0 runs, 0 hits, 0 errors, 0 left on base; Rocky Mountain 0 - D.C. 0
TOP OF THE 3RD
Rocky Mountain Nuggets batting - Pitching for D.C. Divided : RHP Manuel Delgadillo
Batting: RHB José Carlos Pérez 0-0: Called Strike
0-1: Called Strike
0-2: Foul Ball, location: 2F
0-2: Ball
1-2: Foul Ball, location: 2F
1-2: Strikes out looking
Batting: RHB Anthony Johnston 0-0: Called Strike
0-1: SINGLE (Groundball, 6MD)
Batting: RHB Luis Ríos 0-0: Ball
1-0: Ball
2-0: Ball
3-0: Called Strike
3-1: Base on Balls
Anthony Johnston to second
Batting: LHB Roberto Salazar 0-0: Ball
1-0: Called Strike
1-1: Ball
2-1: Ball
3-1: Base on Balls
Anthony Johnston to third
Luis Ríos to second
Batting: RHB Iván Vega 0-0: Ball
1-0: Fly out, F8 (Flyball, 8LXD)
Runner from 3rd tags up, SCORES, no throw
Luis Ríos to third
Batting: LHB Javier Sánchez 0-0: Called Strike
0-1: Swinging Strike
0-2: Foul Ball, location: 2F
0-2: Ball
1-2: SINGLE (Line Drive, 89S)
Luis Ríos scores
Roberto Salazar to second
Batting: RHB Ludwig Kluge 0-0: Foul Ball, location: 2F
0-1: Ball
1-1: Ball
2-1: Fly out, F4 (Popup, 4)
Top of the 3rd over - 2 runs, 2 hits, 0 errors, 2 left on base; Rocky Mountain 2 - D.C. 0
BOTTOM OF THE 3RD
D.C. Divided batting - Pitching for Rocky Mountain Nuggets : LHP Rafael Rivera
Batting: LHB Sal Bradshaw 0-0: Ball
1-0: Ball
2-0: Ball
3-0: Called Strike
3-1: Called Strike
3-2: Ground out U3 (Groundball, 34)
Batting: RHB Mario Castillo 0-0: Ball
1-0: Ball
2-0: Foul Ball, location: 2F
2-1: Called Strike
2-2: Strikes out looking
Batting: LHB Neil Lawson 0-0: Called Strike
0-1: Ball
1-1: Ball
2-1: Foul Ball, location: 2F
2-2: Strikes out looking
Bottom of the 3rd over - 0 runs, 0 hits, 0 errors, 0 left on base; Rocky Mountain 2 - D.C. 0
TOP OF THE 4TH
Rocky Mountain Nuggets batting - Pitching for D.C. Divided : RHP Manuel Delgadillo
Batting: RHB Andrés Rodríguez 0-0: Foul Ball, location: 2F
0-1: Swinging Strike
0-2: Ball
1-2: Ball
2-2: Ball
3-2: Foul Ball, location: 2F
3-2: Base on Balls
Batting: RHB Travis Newsome 0-0: Ball
1-0: Foul Ball, location: 2F
1-1: Ball
2-1: Ball
3-1: Foul Ball, location: 2F
3-2: Fly out, F5 (Line Drive, 5)
Batting: RHB José Carlos Pérez 0-0: Ball
1-0: Called Strike
1-1: Ground out 5-3 (Groundball, 56)
Andrés Rodríguez to second
Batting: RHB Anthony Johnston 0-0: DOUBLE (Groundball, 3L)
Andrés Rodríguez scores
Batting: RHB Luis Ríos 0-0: Ball
1-0: Called Strike
1-1: Swinging Strike
1-2: Strikes out swinging
Top of the 4th over - 1 run, 1 hit, 0 errors, 1 left on base; Rocky Mountain 3 - D.C. 0
BOTTOM OF THE 4TH
D.C. Divided batting - Pitching for Rocky Mountain Nuggets : LHP Rafael Rivera
Batting: RHB Arturo Rodríguez 0-0: Ball
1-0: Ground out 5-3 (Groundball, 5L)
Batting: RHB Tony Romero 0-0: Ball
1-0: Ball
2-0: Ball
3-0: Ground out U3 (Groundball, 3)
Batting: RHB Wilbur Davis 0-0: Ball
1-0: Foul Ball, location: 2F
1-1: Swinging Strike
1-2: Foul Ball, location: 2F
1-2: Ball
2-2: Strikes out swinging
Bottom of the 4th over - 0 runs, 0 hits, 0 errors, 0 left on base; Rocky Mountain 3 - D.C. 0
TOP OF THE 5TH
Rocky Mountain Nuggets batting - Pitching for D.C. Divided : RHP Manuel Delgadillo
Batting: LHB Roberto Salazar 0-0: Ball
1-0: Ball
2-0: Foul Ball, location: 2F
2-1: Foul Ball, location: 2F
2-2: Ball
3-2: Foul Ball, location: 2F
3-2: Foul Ball, location: 2F
3-2: Base on Balls
Batting: RHB Iván Vega 0-0: Swinging Strike
0-1: Called Strike
Roberto Salazar steals 2nd base
0-2: Strikes out swinging
Batting: LHB Javier Sánchez 0-0: Called Strike
0-1: Swinging Strike
0-2: Ball
1-2: Foul Ball, location: 2F
1-2: Foul Ball, location: 2F
1-2: Strikes out swinging
Batting: RHB Ludwig Kluge 0-0: Called Strike
0-1: Ball
1-1: Foul Ball, location: 2F
1-2: Strikes out swinging
Top of the 5th over - 0 runs, 0 hits, 0 errors, 1 left on base; Rocky Mountain 3 - D.C. 0
BOTTOM OF THE 5TH
D.C. Divided batting - Pitching for Rocky Mountain Nuggets : LHP Rafael Rivera
Batting: RHB Wilfred McLaughlin 0-0: Reached on error, E6 (Groundball, 6)
Batting: LHB Obidiah Lewis 0-0: Ball
1-0: Called Strike
1-1: Called Strike
1-2: Strikes out looking
Batting: RHB Roberto Maestas 0-0: DOUBLE (Line Drive, 7LM)
Wilfred McLaughlin to third
Wilfred McLaughlin scores
Batting: LHB Sal Bradshaw 0-0: Fly out, F9 (Flyball, 9LD)
Runner from 2nd tags up, SAFE at 3rd, no throw
Batting: RHB Mario Castillo 0-0: Swinging Strike
0-1: Foul Ball, location: 2F
0-2: Ball
1-2: Fly out, F9 (Flyball, 9S)
Bottom of the 5th over - 1 run, 1 hit, 1 error, 1 left on base; Rocky Mountain 3 - D.C. 1
TOP OF THE 6TH
Rocky Mountain Nuggets batting - Pitching for D.C. Divided : RHP Manuel Delgadillo
Batting: RHB Andrés Rodríguez 0-0: Foul Ball, location: 2F
0-1: Hit by Pitch
Batting: RHB Travis Newsome 0-0: Called Strike
0-1: Ball
1-1: Called Strike
1-2: Ball
2-2: Hit by Pitch
Andrés Rodríguez to second
Pitching: RHP Ángel Ruíz
Batting: RHB José Carlos Pérez 0-0: Bunted foul
0-1: Bunted foul
0-2: Ball
1-2: Foul Ball, location: 2F
1-2: SINGLE (Flyball, 78M)
Andrés Rodríguez to third
Travis Newsome to second
Runner from 3rd tries for Home, SAFE, no throw
Batting: RHB Anthony Johnston 0-0: Fly out, F7 (Flyball, 7LM)
Batting: RHB Luis Ríos 0-0: Called Strike
0-1: Ball
1-1: Foul Ball, location: 2F
1-2: Ball
2-2: Foul Ball, location: 2F
2-2: Foul Ball, location: 2F
2-2: Ball
3-2: Foul Ball, location: 2F
3-2: Foul Ball, location: 2F
3-2: Base on Balls
Travis Newsome to third
José Carlos Pérez to second
Batting: LHB Roberto Salazar 0-0: Called Strike
0-1: SINGLE (Line Drive, 56D)
Travis Newsome scores
José Carlos Pérez to third
Luis Ríos to second
Batting: RHB Iván Vega 0-0: Ball
1-0: Called Strike
1-1: Ball
2-1: Called Strike
2-2: Grounds into double play, 5-2-3 (Groundball, 56)
Top of the 6th over - 2 runs, 2 hits, 0 errors, 2 left on base; Rocky Mountain 5 - D.C. 1
BOTTOM OF THE 6TH
D.C. Divided batting - Pitching for Rocky Mountain Nuggets : LHP Rafael Rivera
Now in CF: Wes Shannon
Batting: LHB Neil Lawson 0-0: Foul Ball, location: 2F
0-1: Hit by Pitch
Batting: RHB Arturo Rodríguez 0-0: Called Strike
0-1: Ball
1-1: Fly out, F5 (Popup, 5F)
Batting: RHB Tony Romero 0-0: Ball
1-0: Called Strike
1-1: Ball
2-1: Called Strike
Neil Lawson is caught stealing 2nd base
2-2: Ball
3-2: Foul Ball, location: 2F
3-2: Ground out 6-3 (Groundball, 6)
Bottom of the 6th over - 0 runs, 0 hits, 0 errors, 0 left on base; Rocky Mountain 5 - D.C. 1
TOP OF THE 7TH
Rocky Mountain Nuggets batting - Pitching for D.C. Divided : RHP Ángel Ruíz
Batting: LHB Javier Sánchez 0-0: Foul Ball, location: 2F
0-1: Ball
1-1: Ball
2-1: Fly out, F5 (Popup, 5F)
Batting: RHB Ludwig Kluge 0-0: Ball
1-0: Called Strike
1-1: SINGLE (Line Drive, 56)
Batting: RHB Andrés Rodríguez 0-0: Ball
1-0: DOUBLE (Line Drive, 78D)
Ludwig Kluge to third
Runner from 3rd tries for Home, SAFE, no throw
Batting: RHB Travis Newsome 0-0: Swinging Strike
0-1: Ball
1-1: Swinging Strike
1-2: Ball
2-2: Foul Ball, location: 2F
2-2: Foul Ball, location: 2F
2-2: Ball
3-2: Strikes out looking
Batting: RHB José Carlos Pérez 0-0: Ball
1-0: Called Strike
1-1: Swinging Strike
1-2: Fly out, F9 (Flyball, 9S)
Top of the 7th over - 1 run, 2 hits, 0 errors, 1 left on base; Rocky Mountain 6 - D.C. 1
BOTTOM OF THE 7TH
D.C. Divided batting - Pitching for Rocky Mountain Nuggets : LHP Rafael Rivera
Batting: RHB Wilbur Davis 0-0: Called Strike
0-1: Foul Ball, location: 2F
0-2: Strikes out looking
Batting: RHB Wilfred McLaughlin 0-0: Ball
1-0: Called Strike
1-1: Foul Ball, location: 2F
1-2: Strikes out looking
Batting: LHB Obidiah Lewis 0-0: Ball
1-0: Ball
2-0: Foul Ball, location: 2F
2-1: Called Strike
2-2: Fly out, F8 (Flyball, 8RXD)
Bottom of the 7th over - 0 runs, 0 hits, 0 errors, 0 left on base; Rocky Mountain 6 - D.C. 1
TOP OF THE 8TH
Rocky Mountain Nuggets batting - Pitching for D.C. Divided : RHP Ángel Ruíz
Batting: RHB Anthony Johnston 0-0: Ball
1-0: Foul Ball, location: 2F
1-1: Foul Ball, location: 2F
1-2: Strikes out swinging
Batting: RHB Wes Shannon 0-0: Fly out, F4 (Line Drive, 4)
Batting: LHB Roberto Salazar 0-0: Ball
1-0: Ground out 6-3 (Groundball, 6)
Top of the 8th over - 0 runs, 0 hits, 0 errors, 0 left on base; Rocky Mountain 6 - D.C. 1
BOTTOM OF THE 8TH
D.C. Divided batting - Pitching for Rocky Mountain Nuggets : LHP Rafael Rivera
Batting: RHB Roberto Maestas 0-0: Ball
1-0: Called Strike
1-1: Ground out 4-3 (Groundball, 4)
Batting: LHB Sal Bradshaw 0-0: Called Strike
0-1: Called Strike
0-2: Ball
1-2: Ground out 4-3 (Groundball, 4)
Batting: RHB Mario Castillo 0-0: Ball
1-0: Ball
2-0: Called Strike
2-1: Ball
3-1: Foul Ball, location: 2F
3-2: Foul Ball, location: 2F
3-2: Base on Balls
Batting: LHB Neil Lawson 0-0: Ball
1-0: Swinging Strike
1-1: Foul Ball, location: 2F
1-2: Foul Ball, location: 2F
1-2: Ball
2-2: Strikes out swinging
Bottom of the 8th over - 0 runs, 0 hits, 0 errors, 1 left on base; Rocky Mountain 6 - D.C. 1
TOP OF THE 9TH
Rocky Mountain Nuggets batting - Pitching for D.C. Divided : RHP Ángel Ruíz
Batting: RHB Iván Vega 0-0: Ball
1-0: Foul Ball, location: 2F
1-1: Ball
2-1: Called Strike
2-2: SINGLE (Line Drive, 34D)
Pitching: RHP Luis Fernández
Batting: LHB Javier Sánchez 0-0: Called Strike
0-1: Ball
1-1: Ball
2-1: Foul Ball, location: 2F
2-2: Foul Ball, location: 2F
2-2: Ball
3-2: Ground out 6-3 (Groundball, 6)
Iván Vega to second
Batting: RHB Ludwig Kluge 0-0: Ball
1-0: Called Strike
1-1: Ground out 5-3 (Groundball, 56S)
Iván Vega to third
Batting: RHB Andrés Rodríguez 0-0: Foul Ball, location: 2F
0-1: Swinging Strike
0-2: Ball
1-2: Fly out, F7 (Flyball, 78D)
Top of the 9th over - 0 runs, 1 hit, 0 errors, 1 left on base; Rocky Mountain 6 - D.C. 1
BOTTOM OF THE 9TH
D.C. Divided batting - Pitching for Rocky Mountain Nuggets : LHP Rafael Rivera
Pitching: LHP Cisco Cazares
Batting: RHB Arturo Rodríguez 0-0: Fly out, F7 (Line Drive, 78D)
Batting: RHB Tony Romero 0-0: Swinging Strike
0-1: Fly out, F5 (Line Drive, 5)
Batting: RHB Wilbur Davis 0-0: Ball
1-0: Ball
2-0: Reached on error, E5 (Groundball, 56)
Batting: RHB Wilfred McLaughlin 0-0: Ball
1-0: Ball
2-0: Fly out, F7 (Flyball, 7LMF)
Bottom of the 9th over - 0 runs, 0 hits, 1 error, 1 left on base; Rocky Mountain 6 - D.C. 1
Tuesday, December 19th, 2017 - OOTP Baseball 18.8 Build 76